 Dungeon Crawl Stone Soup version 0.20.0-4-g10b340a (webtiles) character file.

251 straycat the Ducker (level 5, 0/41 HPs)
             Began as a Vampire Wanderer on May 27, 2017.
             Was an Initiate of Yredelemnul.
             Slain by a gnoll
             ... wielding a +0 spear
              (2 damage)
             ... on level 4 of the Dungeon.
             The game lasted 00:49:38 (6296 turns).

straycat the Ducker (Vampire Wanderer)              Turns: 6296, Time: 00:49:38

Health: 0/41       AC:  6    Str:  9 (10) XL:     5   Next: 88%
Magic:  0/5        EV: 12    Int: 14      God:    Yredelemnul [......]
Gold:   213        SH:  0    Dex: 16      Spells: 3/4 levels left

rFire    + . .     SeeInvis +   j - +0 short sword
rCold    + . .     Gourm    .   (no shield)
rNeg     + . .     Faith    .   l - +0 ring mail
rPois    .         Spirit   +   o - +0 helmet
rElec    .         Reflect  .   B - scarf {Spirit}
rCorr    .         Harm     .   (no gloves)
MR       .....                  (no boots)
Stlth    ++........             (no amulet)
Regen    0.2/turn               k - ring of protection from fire
MPRegen  0.1/turn               v - ring of protection from cold

@: no status effects
A: fangs 3, talons 2, see invisible, blink, deterioration 1, unbreathing
a: Bat Form, Blink, Renounce Religion


You were on level 4 of the Dungeon.
You worshipped Yredelemnul.
Yredelemnul was noncommittal.
You were not thirsty.

You visited 2 branches of the dungeon, and saw 5 of its levels.

You collected 213 gold pieces.

Inventory:

Hand Weapons
 a - a +2 quarterstaff
 e - a +0 dagger
 i - a +0 spear
 j - a +0 short sword (weapon)
Missiles
 g - 127 stones (quivered)
 r - 75 arrows
 x - a throwing net
 A - 3 silver tomahawks
Armour
 d - a +0 robe
 l - a +0 ring mail (worn)
 o - a +0 helmet (worn)
 t - a +0 scale mail
 z - a +0 scale mail
 B - a scarf of spirit shield (worn)
 D - a +0 leather armour
Magical Staves
 c - an uncursed staff of conjuration {unknown}
Jewellery
 k - a ring of protection from fire (left hand)
 v - a ring of protection from cold (right hand)
Wands
 y - a wand of iceblast (5/15)
Scrolls
 p - a scroll of enchant armour {unknown}
 s - a scroll of fear {unknown}
 u - a scroll of immolation {unknown}
 w - a scroll of recharging {unknown}
 C - a scroll of identify
Potions
 f - 4 potions of blood
 h - a potion of agility
 m - 2 potions of curing
 n - a potion of ambrosia {unknown}
Books
 b - Roirchem's Volume of Displacement

   Spells                             Type                      Level
   a - Apportation                    Translocation                1
   b - Teleport Other                 Translocation                3
 q - a book of Maledictions

   Spells                             Type                      Level
   a - Corona                         Hexes                        1
   b - Ensorcelled Hibernation        Hexes/Ice                    2
   c - Confuse                        Hexes                        3
   d - Tukima's Dance                 Hexes                        3
   e - Dazzling Spray                 Conjuration/Hexes            3


   Skills:
 * Level 3.1 Fighting
 + Level 2.1 Short Blades
 - Level 1.0 Staves
 + Level 1.0 Armour
 * Level 4.9 Dodging
 + Level 3.9 Stealth
   Level 1.0 Shields
   Level 2.1 Charms
   Level 1.0 Ice Magic


You had 3 spell levels left.
You knew the following spells:

 Your Spells              Type           Power        Failure   Level  Hunger
a - Corona                Hex            #......      63%         1    ##.....


Dungeon Overview and Level Annotations

Branches:
Dungeon (4/15)             Temple (1/1) D:4

Altars:
Ashenzari
Cheibriados
Dithmenos
Elyvilon
Fedhas
Gozag
Hepliaklqana
Kikubaaqudgha
Makhleb
Okawaru
Qazlal
Ru
Trog
Uskayaw
Vehumet
Xom
Yredelemnul
Zin
The Shining One

Annotations:
D:3 Grinder, Natasha, Terence


Innate Abilities, Weirdness & Mutations

You have razor-sharp teeth.
You have supernaturally acute eyesight. (SInv)
You can survive without breathing.
You have razor-sharp toenails.
You can translocate small distances at will.
Your body sometimes deteriorates upon taking damage.


Message History

The gnoll hits you with a flail of holy wrath!
You convulse.
You closely miss the gnoll.
The gnoll shouts!
You claw the gnoll, but do no damage. You bite the gnoll.
The gnoll is lightly wounded.
The gnoll misses you. The gnoll closely misses you.
You hit the gnoll but do no damage. Your kick misses the gnoll.
The gnoll is lightly wounded.
The gnoll hits you but does no damage.
The gnoll hits you with a flail of holy wrath.
You convulse!
* * * LOW HITPOINT WARNING * * *
You blink.
You feel slightly more thirsty. The gnoll barely misses you.
You blink.
You feel slightly more thirsty.
The gnoll hits you from afar with a spear.
* * * LOW HITPOINT WARNING * * *
The gnoll hits you from afar with a spear.
You die...
Yredelemnul claims you as an undead slave.

##..#.........#.#.#.#####.#
#..###.###.###.#.).>).##.#
#..###.# #.###.###.##.##.#
#####......###.)...#
#.##.##.#
##.§^≈..≈.≈##.....###
#.......#
#.#^#≈.≈##^§#...g.#
####.####
#^.#.≈.^###.#..gg.# #......#
#.^##..≈#≈#.#.....# #.##.#.#
##^.≈....≈.....@...#
#....#.#
#......_......######
#..#.#.# #..^^.^.≈....##
#...<#.#
#..###^..^§^^#########
#......# #§≈#
#...^^#.........# ###.####
#.≈.##≈.≈≈≈#^#.###.#.# #.#
#.#^≈≈..≈≈≈^.#.###.#.#####.#
#.####...##..#.............#
#......#........##.#.#######


You could see 3 gnolls.

Vanquished Creatures
  An orc wizard (D:4)
  A bullfrog skeleton (D:4)
  Jessica (D:3)
  7 adders
  A gnoll (D:4)
  2 oozes (D:1)
  4 worms
  2 dart slugs
  A leopard gecko (D:2)
  4 orcs (D:4)
  4 bats
  3 giant cockroaches
  8 hobgoblins
  2 jackals
  2 quokkas
  6 frilled lizards
  9 goblins
  7 kobolds
  9 rats
74 creatures vanquished.

Notes
Turn   | Place    | Note
-------+----------+-------------------------------------------
     0 | D:1      | straycat the Vampire Wanderer began the quest for the Orb.
     0 | D:1      | straycat set off with: a +2 quarterstaff, Roirchem's Volume of Displacement, a scroll of teleportation, a +0 robe, a +0 dagger, a potion of blood
     0 | D:1      | Reached XP level 1. HP: 17/17 MP: 1/1
   103 | D:1      | Reached skill level 1 in Dodging
   229 | D:1      | Reached XP level 2. HP: 23/23 MP: 2/2
   370 | D:1      | Reached skill level 2 in Dodging
   879 | D:1      | Reached XP level 3. HP: 18/28 MP: 3/3
   909 | D:1      | Reached skill level 3 in Dodging
  1458 | D:1      | Identified Roirchem's Volume of Displacement
  2509 | D:1      | Reached skill level 4 in Dodging
  2813 | D:2      | Reached XP level 4. HP: 34/34 MP: 4/4
  3208 | D:2      | Reached skill level 1 in Short Blades
  3351 | D:3      | Noticed Grinder
  3733 | D:3      | Reached XP level 5. HP: 26/40 MP: 5/5
  3880 | D:3      | Noticed Jessica
  3885 | D:3      | Killed Jessica
  4124 | D:3      | Noticed Terence
  4758 | D:3      | Noticed Natasha
  5013 | D:3      | Gained mutation: You can translocate small distances at will. [potion of mutation]
  5013 | D:3      | Gained mutation: Your body sometimes deteriorates upon taking damage. [potion of mutation]
  5013 | D:3      | Gained mutation: You have sharp toenails. [potion of mutation]
  5013 | D:3      | Gained mutation: You have razor-sharp toenails. [potion of mutation]
  5252 | D:4      | Found a staircase to the Ecumenical Temple.
  5291 | D:4      | Learned a level 1 spell: Corona
  5322 | Temple   | Entered the Ecumenical Temple
  5747 | Temple   | Became a worshipper of Yredelemnul the Dark
  5833 | D:4      | Reached skill level 1 in Armour
  6039 | D:4      | Found a stormy altar of Qazlal.
  6296 | D:4      | HP: 2/41 [gnoll/spear (3)]
  6296 | D:4      | Slain by a gnoll

Skill      XL: |  1  2  3  4  5 |
---------------+----------------+-----
Dodging        | 1 2 4 |  4.9
Short Blades   | 1 2 |  2.1
Fighting       | 3 |  3.1
Armour         | 1 |  1.0
Staves         | |  1.0
Stealth        | |  3.9
Shields        | |  1.0
Charms         | |  2.1
Ice Magic      | |  1.0

Action                   |  1- 3 |  4- 6 || total
-------------------------+-------+-------++-------
Melee: Dagger            |     9 |       ||     9
       Short sword       |   109 |   170 ||   279
       Bite              |    10 |    24 ||    34
       Spear             |    63 |    21 ||    84
       Kick              |       |     9 ||     9
Throw: Stone             |    30 |    21 ||    51
 Cast: Corona            |       |     1 ||     1
 Abil: Blink             |       |     4 ||     4
  Use: Potion            |     6 |    15 ||    21
       Scroll            |       |     5 ||     5
 Stab: Sleeping          |     3 |     1 ||     4
Armor: Robe              |     2 |       ||     2
       Ring mail         |    26 |    58 ||    84
       Scale mail        |       |     2 ||     2
Dodge: Dodged            |    61 |    87 ||   148
